 Dungeon Crawl Stone Soup version 0.24-a0-179-g7a2c91a (webtiles) character file.

Game seed: 9973557252231105793

42 Inarius the Sneak (level 3, -5/27 HPs)
             Began as a Demonspawn Assassin on Mar 13, 2019.
             Slain by a gnoll
             ... wielding a +0 whip
              (6 damage)
             ... on level 1 of the Dungeon.
             The game lasted 00:01:49 (1300 turns).

Inarius the Sneak (Demonspawn Assassin)             Turns: 1300, Time: 00:01:50

Health: -5/27      AC:  6    Str: 11    XL:     3   Next: 35%
Magic:  3/3        EV:  8    Int: 12    God:
Gold:   93         SH:  7    Dex: 15    Spells: 2/2 levels left

rFire    . . .     SeeInvis .   a - +2 dagger
rCold    . . .     Gourm    .   p - +0 shield
rNeg     . . .     Faith    .   j - +0 leather armour
rPois    .         Spirit   .   (no helmet)
rElec    .         Reflect  .   d - +0 cloak
rCorr    .         Harm     .   (no gloves)
MR       .....                  (no boots)
Stlth    ++........             (no amulet)
HPRegen  0.09/turn              (no ring)
MPRegen  0.08/turn              (no ring)

@: no status effects
A: iridescent scales 1
a: no special abilities


You were on level 1 of the Dungeon.
You were not hungry.

You visited 1 branch of the dungeon, and saw 2 of its levels.

You collected 93 gold pieces.

Inventory:

Hand Weapons
 a - a +2 dagger (weapon)
 b - a +0 blowgun
Missiles
 e - 8 poisoned needles
 f - 2 curare-tipped needles
Armour
 c - a +0 robe
 d - a +0 cloak (worn)
 j - a +0 leather armour (worn)
 p - a +0 shield (worn)
Scrolls
 h - a scroll of teleportation {unknown}
 m - a scroll of remove curse {unknown}
 q - a scroll of immolation {unknown}
Potions
 k - a potion of curing {unknown}
 l - 3 potions of heal wounds {unknown}
 n - a potion of resistance {unknown}
 o - a potion of berserk rage {unknown}
Comestibles
 g - 2 rations


   Skills:
 + Level 2.2 Fighting
 + Level 2.2 Short Blades
 + Level 1.8 Throwing
 + Level 0.7 Armour
 + Level 1.0 Dodging
 + Level 4.3 Stealth


You had 2 spell levels left.
You didn't know any spells.
Your spell library was empty.

Dungeon Overview and Level Annotations

Branches:
Dungeon (2/15)

Altars:
Cheibriados
Nemelex Xobeh


Innate Abilities, Weirdness & Mutations

You are partially covered in iridescent scales. (AC +2)


Message History

The gnoll hits you with a +0 whip.
* * * LOW HITPOINT WARNING * * *
There is an open door here.
You see here a +0 club.
There is an open door, spattered with blood here.
You see here a +0 dagger.
There is an open door here.
There is a stone staircase leading up here.
The gnoll hits you but does no damage.
You climb upwards.
There is a stone staircase leading down here.
You hit the gnoll but do no damage.
The gnoll is lightly wounded.
The gnoll hits you with a +0 whip.
You barely miss the gnoll.
The gnoll is lightly wounded.
The gnoll hits you with a +0 whip!
* * * LOW HITPOINT WARNING * * *
The gnoll hits you with a +0 whip.
You die...

#..# #.P≈≈≈≈≈≈≈P.# #...#
#.## #P≈≈≈≈≈≈≈≈≈P####...#
###.##################.....#
#.....[..####.# #.##########
..#.####......########..##
#..... ###.#
#######.....(.#.#.###.####
#.# #.####...###.##.####
##.# #.####..## ##......#
#..# #(.@>#...###.##.##.#
##.## #..#g#..#.#..##.##.#
#..# #..#.......#.##.....
#.## #............#####..
..# #..)########.# #.... .##
#....# ###.###.#.. .#
#....## #.....#.#.. .#
###.#.## #.....#.##. .#
#.###.# #..[..#.##.


You could see a gnoll.

Vanquished Creatures
  An adder (D:2)
  A worm (D:2)
  A dart slug (D:1)
  A leopard gecko (D:2)
  8 bats
  A giant cockroach (D:1)
  3 goblins
  A hobgoblin (D:2)
  4 jackals (D:2)
  A quokka (D:2)
  2 frilled lizards (D:1)
  A kobold (D:1)
  2 rats (D:1)
27 creatures vanquished.

Notes
Turn   | Place    | Note
-------+----------+-------------------------------------------
     0 | D:1      | Inarius the Demonspawn Assassin began the quest for the
                  | Orb.
     0 | D:1      | Reached XP level 1. HP: 16/16 MP: 1/1
   212 | D:1      | Reached skill level 4 in Stealth
   235 | D:1      | Gained mutation: You are partially covered in iridescent
                  | scales. (AC +2) [demonic ancestry]
   235 | D:1      | Reached XP level 2. HP: 20/22 MP: 2/2
   488 | D:1      | Found a sparkling altar of Nemelex Xobeh.
   583 | D:1      | Reached skill level 1 in Dodging
   900 | D:2      | Reached XP level 3. HP: 20/27 MP: 3/3
  1236 | D:2      | Found a snail-covered altar of Cheibriados.
  1299 | D:1      | HP: 1/27 [gnoll/+0 whip (10)]
  1300 | D:1      | Slain by a gnoll

Levels and vault maps discovered:
D:1:      eino_arrival_druids_welcome, layout_loops_cross,
          nemelex_diamond_rough_becter
D:2:      layout_basic, old_standard_altar, old_standard_altar,
          chequers_temple_overflow_minitemple, serial_park_tiny_1,
          uniq_crazy_yiuf_cottage

Skill      XL: |  1  2 |
---------------+-------+-----
Stealth        | 4 |  4.3
Dodging        | 1 |  1.0
Short Blades   | 2 |  2.2
Fighting       | |  2.2
Throwing       | |  1.8
Armour         | |  0.7

Action                   || total
-------------------------++-------
Melee: Dagger            ||   110
 Stab: Sleeping          ||     7
  Eat: Chunk             ||     1
Armor: Robe              ||     3
       Leather armour    ||    36
Dodge: Dodged            ||    56
Block: Shield            ||     9

Table legend:
 A = Non-vault XP
 B = Vault XP
 C = Vault XP percentage of total XP
 D = Non-vault monster count
 E = Vault monster count
 F = Vault count percentage of total count
                 A         B        C        D         E       F
            +---------+---------+-------+---------+---------+-------
      Total |      61 |       0 |   0.0 |      27 |       0 |   0.0
            +---------+---------+-------+---------+---------+-------
        D:1 |      23 |       0 |   0.0 |      15 |       0 |   0.0
        D:2 |      38 |       0 |   0.0 |      12 |       0 |   0.0
            +---------+---------+-------+---------+---------+-------
